 Dungeon Crawl Stone Soup version 0.19-a0-1827-g174f941 (webtiles) character file.

66 Theye the Slasher (level 3, 0/24 HPs)
             Began as a Deep Elf Fighter on Oct 7, 2016.
             Succumbed to an adder's poison
             ... on level 2 of the Dungeon.
             The game lasted 00:01:29 (1827 turns).

Theye the Slasher (Deep Elf Fighter)                Turns: 1827, Time: 00:01:29

Health: 0/24       AC:  8    Str: 18    XL:     3   Next: 96%
Magic:  5/5        EV:  7    Int: 12    God:
Gold:   74         SH:  9    Dex: 13    Spells: 0 memorised, 2 levels left

rFire  . . .     SeeInvis .     a - +0 long sword
rCold  . . .     Gourm    .     b - +0 scale mail
rNeg   . . .     Faith    .     c - +0 shield
rPois  .         Spirit   .     (no helmet)
rElec  .         Dismiss  .     (no cloak)
rCorr  .         Reflect  .     (no gloves)
MR     .....     Harm     .     (no boots)
Stlth  ..........               (no amulet)
                                (no ring)
                                (no ring)

@: mighty, lethally poisoned (0 -> -5)
A: icy blue scales 1, clumsy 1, robust 1
a: no special abilities


You were on level 2 of the Dungeon.
You were full.

You visited 1 branch of the dungeon, and saw 2 of its levels.

You collected 74 gold pieces.

Inventory:

Hand Weapons
 a - a +0 long sword (weapon)
Armour
 b - a +0 scale mail (worn)
 c - a +0 shield (worn)
Jewellery
 j - a +4 ring of strength {unknown}
Scrolls
 e - a scroll of enchant armour {unknown}
 h - a scroll of remove curse {unknown}
 i - 4 scrolls of identify {unknown}
 k - a scroll of enchant weapon {unknown}
 l - a scroll of teleportation {unknown}
 n - a scroll of fear {unknown}
Comestibles
 f - 4 bread rations
 m - a beef jerky


   Skills:
 + Level 2.8 Fighting
 * Level 2.9 Long Blades
 + Level 2.8 Armour
 + Level 0.2 Dodging
 + Level 2.6 Shields


You had 2 spell levels left.
You didn't know any spells.

Dungeon Overview and Level Annotations

Branches:
Dungeon (2/15)

Altars:


Innate Abilities, Weirdness & Mutations

You are partially covered in icy blue scales. (AC +2)
You are clumsy. (Dex -2)
You are robust. (+10% HP)


Message History

It was a potion of magic.
Magic courses through your body.
* * * LOW HITPOINT WARNING * * *
You feel sick.
You feel very mighty all of a sudden.
* * * LOW HITPOINT WARNING * * *
You feel sick.
You start eating one of the 5 bread rations.
You continue eating.
* * * LOW HITPOINT WARNING * * *
You feel sick.
You continue eating.
You finish eating.
That bread ration really hit the spot!
Unknown command.
There is a lethal amount of poison in your body!
There is a lethal amount of poison in your body!
* * * LOW HITPOINT WARNING * * *
You feel sick.
* * * LOW HITPOINT WARNING * * *
You feel sick.
You die...

#.# ##'##
#.#.##### #.# #.#
#.#......
#.##########)#
#.#######
#.........##.##
#.#
###.###.#.#...####
#.# #.#
#.#........# #.#
#.#
#..........####.#
#.#
###.##.#........#
#.#
#.##@##########
#.#####.##.#
#.......##.#
##########.# #.#
#.# #.# #.# #.#


There were no monsters in sight!

Vanquished Creatures
  2 adders (D:2)
  An ooze (D:1)
  2 worms (D:2)
  A dart slug (D:1)
  A leopard gecko (D:1)
  2 giant cockroaches
  2 goblins (D:1)
  2 hobgoblins
  2 jackals (D:1)
  8 kobolds
  A quokka (D:2)
  6 bats
  2 frilled lizards
  8 rats
40 creatures vanquished.

Notes
Turn   | Place    | Note
-------+----------+-------------------------------------------
     0 | D:1      | Theye the Deep Elf Fighter began the quest for the Orb.
     0 | D:1      | Reached XP level 1. HP: 13/13 MP: 3/3
   148 | D:1      | Reached XP level 2. HP: 18/18 MP: 4/4
   910 | D:1      | Reached XP level 3. HP: 22/22 MP: 5/5
  1816 | D:2      | Gained mutation: You are partially covered in icy blue scales. (AC +2) [potion of mutation]
  1816 | D:2      | Gained mutation: You are clumsy. (Dex -2) [potion of mutation]
  1816 | D:2      | Gained mutation: You are robust. (+10% HP) [potion of mutation]
  1824 | D:2      | HP: 1/24 [poisoned by an adder]
  1827 | D:2      | Succumbed to an adder's poison

Vault maps used:
D:1:      eino_arrival_tree_alley
D:2:      lemuel_doored_altar, first_bread, minmay_tripent

Skill      XL: |  1 |
---------------+----+-----
Long Blades    | 2 |  2.9
Fighting       | |  2.8
Armour         | |  2.8
Dodging        | |  0.2
Shields        | |  2.6

Action                   || total
-------------------------++-------
Melee: Long sword        ||   140
  Use: Potion            ||     3
  Eat: Chunk             ||     3
       Bread ration      ||     1
Armor: Scale mail        ||    65
Dodge: Dodged            ||    47
Block: Shield            ||    66
       Rpst.: Long sword ||    18
